 Dungeon Crawl Stone Soup version 0.19.3-4-gbf9329e (webtiles) character file.

452 esteth the Firebug (level 6, -1/32 HPs)
             Began as a Deep Elf Fire Elementalist on Jan 28, 2017.
             Killed by divine providence
             ... invoked by an orc priest
              (13 damage)
             ... on level 4 of the Dungeon.
             The game lasted 00:10:41 (4605 turns).

esteth the Firebug (Deep Elf Fire Elementalist)     Turns: 4605, Time: 00:10:42

Health: -1/32      AC:  5    Str:  5    XL:     6   Next: 75%
Magic:  0/12       EV: 13    Int: 27    God:
Gold:   118        SH:  0    Dex: 15    Spells: 3 memorised, 1 level left

rFire  . . .     SeeInvis .     o - +4 trident (holy)
rCold  . . .     Gourm    +     a - +1 robe
rNeg   . . .     Faith    .     (no shield)
rPois  .         Spirit   .     (no helmet)
rElec  .         Reflect  .     (no cloak)
rCorr  .         Harm     .     (no gloves)
MR     +....                    (no boots)
Stlth  ++........               g - amulet of the gourmand
                                m - +2 ring of protection
                                f - ring of protection from magic

@: brilliant, flying
A: no striking features
a: no special abilities


You were on level 4 of the Dungeon.
You were full.

You visited 1 branch of the dungeon, and saw 4 of its levels.

You collected 118 gold pieces.

Inventory:

Hand Weapons
 o - a +4 trident of holy wrath (weapon)
Armour
 a - a +1 robe (worn)
Jewellery
 f - a ring of protection from magic (left hand)
 g - an amulet of the gourmand (around neck)
 m - a +2 ring of protection (right hand)
Scrolls
 j - 3 scrolls of teleportation
 p - a scroll of amnesia {unknown}
Potions
 e - a potion of beneficial mutation {unknown}
 h - a potion of flight
 i - a potion of curing
 k - a potion of ambrosia {unknown}
 n - 2 potions of might {unknown}
 q - a potion of heal wounds {unknown}
Books
 b - a book of Flames

   Spells                             Type                      Level
   a - Flame Tongue                   Conjuration/Fire             1
   b - Throw Flame                    Conjuration/Fire             2
   c - Conjure Flame                  Conjuration/Fire             3
   d - Inner Flame                    Hexes/Fire                   3
   e - Sticky Flame                   Conjuration/Fire             4
   f - Fireball                       Conjuration/Fire             5
Comestibles
 c - 2 bread rations
 l - a slice of pizza
 r - a beef jerky


   Skills:
 - Level 2.4 Dodging
 - Level 2.4 Stealth
 - Level 3.0 Spellcasting
 - Level 5.4 Conjurations
 + Level 6.4 Fire Magic


You had one spell level left.
You knew the following spells:

 Your Spells              Type           Power        Failure   Level  Hunger
a - Flame Tongue          Conj/Fire      #####        1%          1    None
b - Sticky Flame          Conj/Fire      ######..     1%          4    ####...
c - Fireball              Conj/Fire      ######....   3%          5    ######.


Dungeon Overview and Level Annotations

Branches:
Dungeon (4/15)
 Temple: D:4-7

Altars:
Cheibriados
Makhleb
Ru

Annotations:
D:4 esteth's ghost, amateur DEFE


Message History

You hear some strange, mumbled words.
A puff of flame appears from out of thin air!
The puff of flame hits you!
* * * LOW HITPOINT WARNING * * *
It was a potion of curing.
You feel better.
Casting: Sticky Flame
Confirm with . or Enter, or press ? or * to list all spells.
Aiming: Flame Tongue
Press: ? - help, Shift-Dir - straight line, f - orc priest
Aim: an orc priest, wielding a war axe of freezing and wearing a leather armour The flame tongue hits the orc priest.
The orc priest appears unharmed.
Something hits you.
Casting: Flame Tongue
Confirm with . or Enter, or press ? or * to list all spells.
You don't have enough magic to cast that spell.
It was a potion of brilliance.
You feel clever all of a sudden.
The orc priest calls down the wrath of Beogh upon you.
Beogh smites you!
You die...

######## ### #.# #### #.# #..#
#.# ##.# #.# #..##########
###..# #.# .....†oZ....#
#.#..# #.# #.....#####.#
#.#..# #.#
#.....#####.###Z#..####### #.#
###.#..........{@..#.....###.#
# #######.#.o#######)......#
#.#.#...#...#.####.#
#.#.#.(.#...#.# #.#
#.###.......### #.# #.#
###._.### #.# #.. #....... #.#
##. #...#...# #.# #...#...# .#


You could see an orc priest and a leopard gecko skeleton.

Vanquished Creatures
  A howler monkey (D:4)
  A crimson imp (D:2)
  5 orc wizards
  2 worker ants (D:4)
  A hound skeleton (D:4)
  4 adders
  3 gnolls (D:3)
  An ooze (D:3)
  An adder skeleton (D:4)
  2 worms (D:2)
  2 dart slugs (D:1)
  2 leopard geckos (D:2)
  15 orcs
  5 giant cockroaches
  7 goblins
  6 hobgoblins
  7 jackals
  2 ball pythons (D:1)
  8 bats
  7 frilled lizards
  5 kobolds
  12 rats
99 creatures vanquished.

Notes
Turn   | Place    | Note
-------+----------+-------------------------------------------
     0 | D:1      | esteth the Deep Elf Fire Elementalist began the quest for the Orb.
     0 | D:1      | Reached XP level 1. HP: 10/10 MP: 6/6
   192 | D:1      | Reached XP level 2. HP: 15/15 MP: 5/8
   966 | D:1      | Reached XP level 3. HP: 19/19 MP: 6/9
  1597 | D:2      | Found a burning altar of Makhleb.
  1601 | D:2      | Reached XP level 4. HP: 23/24 MP: 10/10
  1979 | D:3      | Reached skill level 5 in Conjurations
  1986 | D:3      | Reached XP level 5. HP: 19/28 MP: 4/11
  2090 | D:3      | Learned a level 4 spell: Sticky Flame
  2334 | D:3      | Reached skill level 4 in Fire Magic
  3459 | D:3      | Reached skill level 5 in Fire Magic
  3459 | D:3      | Reached XP level 6. HP: 11/32 MP: 1/12
  3778 | D:4      | Learned a level 5 spell: Fireball
  3808 | D:4      | Noticed esteth's ghost (amateur DEFE)
  4389 | D:4      | Found a snail-covered altar of Cheibriados.
  4470 | D:4      | Found a sacrificial altar of Ru.
  4583 | D:4      | Reached skill level 6 in Fire Magic
  4605 | D:4      | Killed from afar by an orc priest

Skill      XL: |  1  2  3  4  5  6 |
---------------+-------------------+-----
Conjurations   | 2 3 4 5 |  5.4
Fire Magic     | 5 6 |  6.4
Dodging        | |  2.4
Stealth        | |  2.4
Spellcasting   | |  3.0

Action                   |  1- 3 |  4- 6 || total
-------------------------+-------+-------++-------
Melee: Unarmed           |    14 |       ||    14
       Trident           |    13 |    83 ||    96
 Cast: Flame Tongue      |    52 |    78 ||   130
       Sticky Flame      |       |     9 ||     9
  Use: Scroll            |     5 |     3 ||     8
       Potion            |       |     3 ||     3
 Stab: Sleeping          |     1 |     2 ||     3
  Eat: Chunk             |    12 |    11 ||    23
Armor: Robe              |     8 |    23 ||    31
Dodge: Dodged            |    35 |    84 ||   119
